 Dungeon Crawl Stone Soup version bcrawl-1.27.6 (webtiles) character file.

Game seed: 13262218544232535943

179555 Banto the Insei (level 5, 0/40 HPs)
             Began as a Draconian Transmuter on Oct 14, 2020.
             Killed from afar by an orc wizard (10 damage)
             ... with a puff of flame
             ... on level 3 of the Dungeon.
             The game lasted 00:02:22 (1990 turns).

Banto the Insei (Draconian Transmuter)              Turns: 1990, Time: 00:02:23

Health: 0/40       AC:  2    Str: 12    XL:     5   Next: 32%
Magic:  4/7        EV: 19    Int: 13    God:
Gold:   81         SH:  0    Dex: 18    Spells: 2/8 levels left

rFire    . . .     SeeInvis .     - Fangs (venom) (10.5)
rCold    . . .     Gourm    .   (shield currently unavailable)
rNeg     . . .     Faith    .   (armour unavailable)
rPois    x         Spirit   .   (helmet currently unavailable)
rElec    .         Reflect  .   (cloak currently unavailable)
rCorr    .         Harm     .   (gloves currently unavailable)
MR       .....                  (boots currently unavailable)
Stlth    ++........             g - amulet of regeneration
HPRegen  0.25/turn              (no ring)
MPRegen  0.10/turn              (no ring)

@: spider-form
A: tiny, unfitting armour, blink, low mp 1, AC +5
a: End Transformation, Blink


You were on level 3 of the Dungeon.
You were not hungry.
You were a venomous arachnid creature.
You visited 1 branch of the dungeon, and saw 3 of its levels.

You collected 81 gold pieces.

Inventory:

Missiles
 a - 418 arrows
Armour
 b - a +0 cloak (melded)
 i - a +2 pair of boots (melded)
Jewellery
 g - an amulet of regeneration (around neck)
Wands
 n - a wand of acid (6)
Scrolls
 j - 3 scrolls of remove curse {unknown}
 k - a scroll of fog {unknown}
 m - a scroll of immolation {unknown}
Potions
 c - 2 potions of lignification
 d - a potion of curing
 h - 2 potions of agility
 l - a potion of brilliance {unknown}
Comestibles
 e - 4 rations {!d}


   Skills:
 - Level 1.1 Fighting
 - Level 1.7 Dodging
 + Level 4.7 Unarmed Combat
 - Level 2.0 Spellcasting
 + Level 4.2 Transmutations


You had 2 spell levels left.
You knew the following spells:

 Your Spells              Type           Power        Failure   Level  Hunger
a - Beastly Appendage     Tmut           ##....       14%         1    None
b - Sticks to Snakes      Tmut           ##......     19%         2    ##.....
c - Spider Form           Tmut/Pois      #..          54%         3    ####...

Your spell library contained the following spells:

 Spells                   Type           Power        Failure   Level  Hunger
 Passwall                 Tmut/Erth      #.......     34%         2    ##.....
 Ice Form                 Ice/Tmut       #.......     87%         4    ######.
 Blade Hands              Tmut           ##........   90%         5    #######


Dungeon Overview and Level Annotations

Branches:
Dungeon (3/12)

Altars:


Innate Abilities, Weirdness & Mutations

((Your plain brown scales are hard. (AC +5)))
You cannot fit into any form of body armour.
((You are cold-blooded and may be slowed by cold attacks.))
You can translocate small distances at will.
Your magical capacity is low. (-10% MP)


Message History

The orc wizard casts a spell at you. The puff of flame hits you!
The orc hits you with a cursed -2 dagger.
You bite the orc wizard!
The orc wizard is poisoned.
The orc wizard is severely wounded.
The orc hits you with a +0 club.
The orc wizard hits you with a +2 vampiric dagger.
The orc wizard draws strength from your wounds!
You hit the orc priest but do no damage.
The orc priest is poisoned.
The orc hits you with a cursed -2 dagger.
* * * LOW HITPOINT WARNING * * *
The orc priest barely misses you. The orc hits you with a +0 club.
* * * LOW HITPOINT WARNING * * *
You bite the orc priest!
The orc priest looks more poisoned.
The orc priest is severely wounded.
You kill the orc priest!
The orc wizard casts a spell at you. The puff of flame hits you!
You die...

#....#.######
..)..#+#....#
............# .
............# ..
#...........# ..
............# #####.#
#)###......## #.....###
#..........#####.o......
................so......
#...............o)......
#.##############....####
#.# #....... #.#
##+###.# #.# .. #.# #
#.# #


You could see an orc wizard and 2 orcs.

Vanquished Creatures
  A hound (D:2)
  Crazy Yiuf (D:2)
  An orc priest (D:3)
  An adder (D:3)
  An adder skeleton (D:3)
  4 worms
  4 dart slugs
  2 leopard geckos
  2 orcs (D:3)
  2 giant cockroaches
  3 goblins (D:1)
  10 hobgoblins
  A jackal (D:1)
  5 kobolds
  2 quokkas
  A ball python (D:1)
  6 bats
  2 frilled lizards
  2 rats
51 creatures vanquished.

Notes
Turn   | Place    | Note
-------+----------+-------------------------------------------
     0 | D:1      | Banto the Draconian Transmuter began the quest for the Orb.
     0 | D:1      | Reached XP level 1. HP: 16/16 MP: 3/3
   284 | D:1      | Reached XP level 2. HP: 23/23 MP: 5/5
   631 | D:1      | Reached XP level 3. HP: 20/28 MP: 6/6
   915 | D:2      | Found a runed door.
  1242 | D:2      | Gained mutation: You evolve. [potion of mutation]
  1242 | D:2      | Gained mutation: Your magical capacity is low. (-10% MP)
                  | [potion of mutation]
  1304 | D:2      | Reached XP level 4. HP: 23/35 MP: 6/6
  1326 | D:2      | Learned a level 2 spell: Sticks to Snakes
  1330 | D:2      | Learned a level 3 spell: Spider Form
  1454 | D:2      | Gained mutation: You can translocate small distances at
                  | will. [evolution]
  1454 | D:2      | Lost mutation: You evolve. [end of evolution]
  1689 | D:2      | Noticed Crazy Yiuf
  1697 | D:2      | Killed Crazy Yiuf
  1894 | D:3      | Reached XP level 5. HP: 39/40 MP: 7/7
  1990 | D:3      | Killed from afar by an orc wizard

Skill      XL: |  1  2  3  4  5 |
---------------+----------------+-----
Transmutations | 3 4 |  4.2
Unarmed Combat | 4 |  4.7
Fighting       | |  1.1
Dodging        | |  1.7
Spellcasting   | |  2.0

Action                   |  1- 3 |  4- 6 || total
-------------------------+-------+-------++-------
Melee: Unarmed           |   138 |    73 ||   211
       Tailslap          |    17 |     8 ||    25
       Punch             |       |     1 ||     1
 Cast: Spider Form       |       |     2 ||     2
  Use: Scroll            |     3 |       ||     3
       Potion            |     1 |     1 ||     2
  Eat: Chunk             |     4 |     4 ||     8
Armor: Skin              |    36 |    22 ||    58
Dodge: Dodged            |    96 |    27 ||   123
